 Dungeon Crawl Stone Soup version 0.30.1 (webtiles) character file.

Game seed: 14673242235810873696

5946 cdecastro the Severer (level 10, -1/91 (97) HPs)
             Began as a Hill Orc Fighter on July 10, 2023.
             Was a Priest of Nemelex Xobeh.
             Slain by a spectral orc warrior
             ... wielding a +0 glaive
             ... summoned by Nergalle
              (9 damage)
             ... on level 10 of the Dungeon.
             The game lasted 00:19:01 (10039 turns).

cdecastro the Severer (Hill Orc Fighter)           Turns: 10039, Time: 00:19:02

HP:   -1/91 (97)    AC: 12    Str: 24    XL:     10   Next: 84%
MP:   0/10          EV:  8    Int: 14    God:    Nemelex Xobeh [***...]
Gold: 247           SH:  4    Dex: 10    Spells: 9/9 levels left

rFire   . . .        a - +0 war axe
rCold   + . .        c - +0 buckler
rNeg    . . .        G - +1 chain mail {rC+}
rPois   .            d - +1 hat
rElec   .            (no cloak)
rCorr   .            (no gloves)
SInv    .            k - +0 pair of boots
Will    .....        q - amulet of guardian spirit Stlth
                     y - +6 ring of intelligence
HPRegen 0.35/turn    (no ring)
MPRegen 0.12/turn

%: guardian spirit
@: hasted and slowed, drained
A: no striking features
a: Renounce Religion, Draw Escape, Draw Destruction, Draw Summoning, Triple Draw


You were on level 10 of the Dungeon.
You worshipped Nemelex Xobeh.
Nemelex Xobeh was most pleased with you.
You visited 1 branch of the dungeon, and saw 10 of its levels.

You collected 597 gold pieces.
You spent 350 gold pieces at shops.

Inventory:

Hand Weapons
 a - a +0 war axe (weapon)
 x - a +1 spear of freezing
Missiles
 o - 20 poisoned darts (quivered)
 w - 2 curare-tipped darts
 F - 5 atropa-tipped darts
Armour
 c - a +0 buckler (worn)
 d - a +1 hat (worn)
 k - a +0 pair of boots (worn)
 G - a +1 chain mail of cold resistance (worn)
Jewellery
 q - an amulet of guardian spirit (around neck)
 y - a +6 ring of intelligence (left hand)
Wands
 t - a wand of digging (3)
 C - a wand of quicksilver (1)
 E - a wand of roots (9)
Scrolls
 b - a scroll of fear
 e - 3 scrolls of teleportation
 h - 2 scrolls of enchant armour
 m - 3 scrolls of amnesia
 n - 2 scrolls of vulnerability {unknown}
 r - 2 scrolls of summoning
 u - 2 scrolls of blinking {unknown}
 B - 2 scrolls of poison
 D - a scroll of torment {unknown}
 H - a scroll of immolation {unknown}
 J - a scroll of enchant weapon
Potions
 g - a potion of resistance
 i - a potion of magic
 j - a potion of brilliance
 p - a potion of cancellation
 s - a potion of attraction {unknown}
 v - 2 potions of invisibility
 z - a potion of mutation
 A - a potion of flight
 I - a potion of degeneration {unknown}
 K - a potion of might


   Skills:
 + Level 12.1 Fighting
 * Level 16.2 Axes
 - Level 3.2 Armour
 - Level 3.2 Shields


You had 9 spell levels left.
You didn't know any spells.
Your spell library contained the following spells:

 Spells                   Type           Power      Damage    Failure   Level
 Shock                    Conj/Air       0%         1d3       89%         1
 Summon Small Mammal      Summ           0%         N/A       89%         1
 Call Canine Familiar     Summ           0%         N/A       99%         3
 Dazzling Flash           Conj/Hex       0%         N/A       99%         3
 Summon Guardian Golem    Hex/Summ       0%         N/A       99%         3
 Swiftness                Air            0%         N/A       99%         3
 Airstrike                Air            0%         2d(0-16)  100%        4
 Agony                    Necr           0%         N/A       100%        5
 Silence                  Hex/Air        0%         N/A       100%        5


Dungeon Overview and Level Annotations

Branches:
Dungeon (10/15)            Temple (0/1) D:7             Orc (0/2) D:9
   Lair: D:8-11

Altars:
Dithmenos
Elyvilon
Gozag
Nemelex Xobeh
Qazlal
Trog
Vehumet
Yredelemnul
The Shining One

Shops:
D:9 [:?

Annotations:
D:4 3 runed translucent doors, Dogbites's ghost, amateur MiBe
D:10 Nergalle


Message History

You hit Nergalle but do no damage.
Nergalle is lightly wounded.
You slash the steam dragon!
Unknown command.
You hit Nergalle but do no damage.
Nergalle is lightly wounded.
You hit the steam dragon but do no damage.
Nergalle points at you and mumbles some strange words.
Orcish apparitions take form around you.
The kobold throws a stone.
The stone closely misses you.
The stone hits the spectral orc warrior but does no damage.
You block the steam dragon's attack. The steam dragon claws you.
The spectral orc warrior is engulfed in a cloud of scalding steam.
You hit Nergalle but do no damage.
Nergalle is lightly wounded.
You slash the steam dragon! You hit the spectral orc knight.
You hit the spectral orc warrior but do no damage.
You slash the spectral orc knight! Nergalle casts a spell at you.
The bolt of negative energy hits you!!
You feel drained.
* * * LOW HITPOINT WARNING * * *
The steam dragon closely misses you.
The steam dragon claws you but does no damage.
The spectral orc warrior barely misses you.
The spectral orc knight is engulfed in a cloud of scalding steam.
The spectral orc knight hits you with a +2 battleaxe!!
* * * LOW HITPOINT WARNING * * *
Unknown command.
As you read the scroll of fear, it crumbles to dust.
You assume a fearsome visage.
Nergalle looks frightened!
The kobold brigand looks frightened!
The kobold looks frightened! x2
The steam dragon looks frightened!
The spectral orc knight is unaffected.
The spectral orc is unaffected.
The spectral orc warrior is unaffected. x2
The spectral orc knight is unaffected.
The spectral orc knight hits you with a +1 great sword!
* * * LOW HITPOINT WARNING * * *
You feel drained.
The spectral orc warrior hits you from afar with a +0 glaive!
You die...
Your body glows slightly and disappears.

#... # . #... .. . #
#..# .##... + ... ... ..
#####+###.#######.##...
##.....##.##..........
##.....##........Z#..
##.....##......ZoK##
###...........ZZ@K.#
'.....##.#.....ZKD..<..#
###.#.##.#..............
# #.#.##.########.......
# #.#.##.. ....... #
#.####.# ....... # #..
... ....... # ### #..
....... #.#


You could see Nergalle (fleeing), a spectral orc (summoned), 2 spectral orc
warriors, 2 spectral orc knights, a steam dragon (fleeing), a kobold brigand
(fleeing) and 2 kobolds.

Vanquished Creatures
  Gastronok (D:9)
  A two-headed ogre (D:9)
  A hornet (D:9)
  A wyvern (D:9)
  An acid dragon (D:8)
  4 black bears
  3 orc warriors
  3 sky beasts
  2 ice beasts (D:6)
  2 ogres (D:5)
  A centaur (D:9)
  2 kobold brigands
  5 bullfrogs
  2 scorpions (D:5)
  A gnoll sergeant (D:5)
  7 wights (D:7)
  10 killer bees
  2 howler monkeys (D:7)
  2 electric eels (D:8)
  3 jellies
  4 orc priests
  A gnoll bouda (D:5)
  3 hounds
  2 iguanas (D:4)
  2 sleepcaps
  8 orc wizards
  12 gnolls
  5 adders
  3 white imps (D:7)
  3 worms
  2 dart slugs (D:1)
  43 orcs
  5 ball pythons
  9 bats
  3 endoplasms
  5 giant cockroaches
  7 goblins
  3 hobgoblins
  10 jackals (D:1)
  A quokka (D:2)
  2 frilled lizards (D:3)
  17 kobolds
  13 rats
217 creatures vanquished.

Vanquished Creatures (others)
  A wizard (D:9)
1 creature vanquished.

Grand Total: 218 creatures vanquished

Notes
Turn   | Place    | Note
-------+----------+-------------------------------------------
     0 | D:1      | cdecastro the Hill Orc Fighter began the quest for the Orb.
     0 | D:1      | Reached XP level 1. HP: 19/19 MP: 1/1
   130 | D:1      | Reached skill level 3 in Axes
   132 | D:1      | Reached XP level 2. HP: 25/27 MP: 2/2
   286 | D:1      | Reached XP level 3. HP: 34/34 MP: 3/3
   416 | D:1      | Found a faded altar of an unknown god.
  1039 | D:2      | Reached skill level 5 in Fighting
  1366 | D:2      | Reached XP level 4. HP: 42/42 MP: 4/4
  1774 | D:3      | Reached skill level 4 in Axes
  2026 | D:3      | Found a sparkling altar of Nemelex Xobeh.
  2031 | D:3      | Became a worshipper of Nemelex Xobeh the Trickster
  2264 | D:4      | Reached XP level 5. HP: 47/50 MP: 5/5
  2315 | D:4      | Reached skill level 5 in Axes
  2406 | D:4      | Reached XP level 6. HP: 48/58 MP: 6/6
  2443 | D:4      | Found an opulent altar of Gozag.
  2507 | D:4      | Noticed Dogbites's ghost (amateur MiBe)
  2562 | D:4      | Found a glowing golden altar of the Shining One.
  2562 | D:4      | Found a basalt altar of Yredelemnul.
  2571 | D:4      | Found a radiant altar of Vehumet.
  2571 | D:4      | Found a shadowy altar of Dithmenos.
  2608 | D:4      | Found a runed translucent gate.
  2608 | D:4      | Found a runed translucent gate.
  2628 | D:4      | Found a runed translucent gate.
  2810 | D:5      | Entered Level 5 of the Dungeon
  2810 | D:5      | Noticed a black bear
  2818 | D:5      | Killed a black bear
  2819 | D:5      | Reached skill level 6 in Axes
  2824 | D:5      | Reached XP level 7. HP: 32/66 MP: 3/7
  2978 | D:5      | Reached skill level 7 in Axes
  3338 | D:5      | Reached skill level 8 in Axes
  3428 | D:5      | Reached * piety under Nemelex Xobeh
  3428 | D:5      | Received a gift from Nemelex Xobeh
  3732 | D:5      | Reached XP level 8. HP: 18/74 MP: 1/8
  3734 | D:5      | Reached skill level 9 in Axes
  4401 | D:6      | Reached skill level 10 in Axes
  4790 | D:6      | Found a white marble altar of Elyvilon.
  4998 | D:6      | Reached skill level 11 in Axes
  5377 | D:7      | Reached XP level 9. HP: 79/83 MP: 7/9
  5447 | D:7      | Reached skill level 12 in Axes
  5929 | D:7      | Reached skill level 10 in Fighting
  6491 | D:7      | Reached skill level 13 in Axes
  6779 | D:7      | Found a staircase to the Ecumenical Temple.
  7402 | D:8      | Reached ** piety under Nemelex Xobeh
  7761 | D:8      | Reached skill level 14 in Axes
  7761 | D:8      | Reached XP level 10. HP: 92/94 MP: 10/10
  8596 | D:9      | Found a stormy altar of Qazlal.
  8597 | D:9      | Noticed a two-headed ogre
  8667 | D:9      | Found Voataebb's Magic Scroll Shoppe.
  8667 | D:9      | Found Quocs's Book Shoppe.
  8753 | D:9      | Killed a two-headed ogre
  8763 | D:9      | Identified the -1 hand axe of Fate {spect, MP+9 Dex+3}
  8784 | D:9      | Reached skill level 15 in Axes
  9067 | D:9      | Found Gidupag's Armour Boutique.
  9067 | D:9      | Found a staircase to the Orcish Mines.
  9067 | D:9      | Noticed Gastronok
  9107 | D:9      | Killed Gastronok
  9108 | D:9      | Reached skill level 16 in Axes
  9226 | D:9      | Found a bloodstained altar of Trog.
  9397 | D:9      | Reached *** piety under Nemelex Xobeh
  9549 | D:9      | Received a gift from Nemelex Xobeh
  9557 | D:9      | Bought a scroll of fear for 52 gold pieces
  9557 | D:9      | Bought a scroll of amnesia for 52 gold pieces
  9557 | D:9      | Bought a scroll of enchant weapon for 97 gold pieces
  9557 | D:9      | Bought a scroll of summoning for 123 gold pieces
  9557 | D:9      | Bought a scroll of identify for 26 gold pieces
  9850 | D:9      | Noticed a wizard
  9853 | D:9      | Killed a wizard
 10004 | D:10     | Entered Level 10 of the Dungeon
 10026 | D:10     | Noticed Nergalle
 10039 | D:10     | Slain by a spectral orc warrior

Illustrated notes

Levels and vault maps discovered:
D:1:      dpeg_arrival_solitude, layout_loops_ring,
          shapermc_ecumenical_altar_mp_highgroup, st_stairs_3,
          minmay_misc_feat_hallway
D:2:      layout_basic
D:3:      layout_rooms, nemelex_spade_bored_becter
D:4:      layout_rooms, mainiacjoe_overflow_alcove_3,
          mainiacjoe_overflow_boulevard, gammafunk_ghost_split,
          hangedman_abyss_or_decor_lesser_grid
D:5:      layout_loops_ring
D:6:      layout_loops_cross, mainiacjoe_overflow_24_doors
D:7:      layout_basic, minmay_temple_entry_poolview
D:8:      layout_basic, kennysheep_small_spiral
D:9:      layout_irregular_city, trog_wizard, mainiacjoe_overflow_cross_hatched,
          orc_david_3, enter_bailey_8, nicolae_shop_distant_corner_stores,
          uniq_gastronok
D:10:     layout_basic, overflow_temple_1_default, uniq_nergalle

Skill      XL: |  1  2  3  4  5  6  7  8  9 10 |
---------------+-------------------------------+-----
Fighting       | 4 5 6 7 8 9 10 12 | 12.1
Axes           | 3 4 5 6 8 11 14 16 | 16.2
Armour         | |  3.2
Shields        | |  3.2

Action                     |  1- 3 |  4- 6 |  7- 9 | 10-12 || total
---------------------------+-------+-------+-------+-------++-------
  Melee: War axe           |   116 |   139 |   417 |   119 ||   791
  Throw: Dart              |       |     1 |       |       ||     1
 Invoke: Draw Destruction  |       |       |     1 |     2 ||     3
         Draw Summoning    |       |       |       |     2 ||     2
    Use: Potion            |       |     1 |     4 |     5 ||    10
         Scroll            |       |       |     2 |    12 ||    14
 Armour: Scale mail        |    60 |    64 |   127 |       ||   251
         Chain mail        |       |       |    10 |    66 ||    76
  Dodge: Dodged            |    55 |    59 |   153 |    45 ||   312
  Block: Buckler           |    30 |    31 |    80 |    24 ||   165
